 Dungeon Crawl Stone Soup version 0.30.0-29-ga12c61a403 (webtiles) character file.

Game seed: 6042665836547536477

25 Peloso the Trooper (level 2, -1/27 HPs)
             Began as a Minotaur Fighter on June 25, 2023.
             Slain by a gnoll
             ... wielding a +0 flail of protection
              (6 damage)
             ... on level 2 of the Dungeon.
             The game lasted 00:01:08 (674 turns).

Peloso the Trooper (Minotaur Fighter)                Turns: 674, Time: 00:01:09

Health: -1/27      AC:  7    Str: 20    XL:     2   Next: 82%
Magic:  1/1        EV:  9    Int:  5    God:
Gold:   65         SH:  4    Dex:  9    Spells: 1/1 levels left

rFire   . . .        a - +0 long sword
rCold   . . .        c - +0 buckler
rNeg    . . .        b - +0 scale mail
rPois   .            (helmet restricted)
rElec   .            (no cloak)
rCorr   .            (no gloves)
SInv    .            (no boots)
Will    .....        (no amulet) Stlth
                     (no ring)
HPRegen 0.24/turn    (no ring)
MPRegen 0.07/turn

%: no passive effects
@: no status effects
A: horns 2, retaliatory headbutt
a: no special abilities


You were on level 2 of the Dungeon.
You visited 1 branch of the dungeon, and saw 2 of its levels.

You collected 65 gold pieces.

Inventory:

Hand Weapons
 a - a +0 long sword (weapon)
Armour
 b - a +0 scale mail (worn)
 c - a +0 buckler (worn)
Jewellery
 e - a +5 ring of evasion
Scrolls
 f - a scroll of enchant weapon {unknown}
 h - a scroll of fear {unknown}
Potions
 d - a potion of might
 g - a potion of flight {unknown}


   Skills:
 + Level 4.2 Fighting
 + Level 2.7 Long Blades
 + Level 4.2 Armour
 + Level 3.7 Shields


You had one spell level left.
You didn't know any spells.
Your spell library was empty.

Dungeon Overview and Level Annotations

Branches:
Dungeon (2/15)

Altars:


Innate Abilities, Weirdness & Mutations

You have a pair of horns on your head.
You reflexively headbutt those who attack you in melee.


Message History

You hit the hobgoblin.
The hobgoblin is almost dead.
The hobgoblin hits you but does no damage.
You closely miss the hobgoblin. Your headbutt misses the hobgoblin.
The hobgoblin is almost dead.
You block the hobgoblin's attack.
You hit the hobgoblin.
You kill the hobgoblin!
Found a chain mail.
A gnoll comes into view.
It is wielding a +0 flail of protection.
The gnoll shouts!
A gnoll comes into view. It is wielding a +0 club.
There are monsters nearby!
You see here a +0 chain mail.
The gnoll throws a stone.
You block the stone.
You see here a +0 chain mail.
You barely miss the gnoll. The gnoll barely misses you.
The gnoll closely misses you.
You closely miss the gnoll.
The gnoll hits you with a +0 flail of protection!
You closely miss the gnoll. The gnoll hits you but does no damage.
You barely miss the gnoll.
You headbutt the gnoll, but do no damage.
The gnoll barely misses you.
The gnoll hits you with a +0 flail of protection.
You hit the gnoll but do no damage.
The gnoll hits you with a +0 flail of protection!
* * * LOW HITPOINT WARNING * * *
You closely miss the gnoll.
The gnoll hits you with a +0 flail of protection.
* * * LOW HITPOINT WARNING * * *
You hit the gnoll.
The gnoll is moderately wounded.
The gnoll hits you with a +0 flail of protection.
* * * LOW HITPOINT WARNING * * *
You block the gnoll's attack.
You closely miss the gnoll.
The gnoll is moderately wounded.
The gnoll hits you with a +0 flail of protection.
You die...

###### #.... .....
####.#.# .#
....#.####### .#
#..#.[@g...#####.#
#..######........#
#..g.......##....#
#.###..#.........+
#...#.....###....#
#g....#.####....#....# #
#..##.#....#.#.##....# .
###..##.###....#.##†...#
.###.g.. .#..
######....##+##


You could see a gnoll.

Vanquished Creatures
  2 dart slugs (D:1)
  2 ball pythons (D:2)
  2 bats (D:2)
  An endoplasm (D:1)
  2 goblins
  3 hobgoblins
  2 jackals (D:2)
  A quokka (D:2)
  A frilled lizard (D:2)
  2 kobolds (D:1)
  A rat (D:1)
19 creatures vanquished.

Notes
Turn   | Place    | Note
-------+----------+-------------------------------------------
     0 | D:1      | Peloso the Minotaur Fighter began the quest for the Orb.
     0 | D:1      | Reached XP level 1. HP: 19/19 MP: 0/0
   344 | D:1      | Reached XP level 2. HP: 27/27 MP: 1/1
   509 | D:2      | Found a faded altar of an unknown god.
   674 | D:2      | Slain by a gnoll

Illustrated notes

Levels and vault maps discovered:
D:1:      dpeg_arrival_boxorama, layout_rooms, corner_web_ring
D:2:      layout_basic, hellmonk_ecumenical_altar_blasted,
          minmay_stone_trees_small, serial_bayou_pond_e

Skill      XL: |  1  2 |
---------------+-------+-----
Fighting       | 4 |  4.2
Armour         | 4 |  4.2
Long Blades    | |  2.7
Shields        | |  3.7

Action                     || total
---------------------------++-------
  Melee: Long sword        ||    52
         Headbutt          ||     8
    Use: Potion            ||     1
 Armour: Scale mail        ||    28
  Dodge: Dodged            ||    32
  Block: Buckler           ||    17
